AoeStats
← SKYEEERINO?!?

Arena

509468174Analyzed
1v1 RM · 6d ago on Sep 26, 2026· 44m 39s· 2 players
Game mode
Random Map
Map size
Tiny (2 player)
Population
200
Speed
Normal
Resources
Standard
Victory
Conquest
Starting age
Dark Age
Ending age
Imperial Age
RankedLock teamsTeams togetherTeam positionsShared explorationLock speedFull tech treeHidden civsTurbo modeCheats
Victory
Defeat
🇺🇸 Danes · United States
913
+17
🇷🇺 Spanish · Russia
925
-17
sweat of underdog
11:19 Feudal Age
11:22 Man-at-Arms
11:48 Arson
13:04 Double-Bit Axe
13:05 Horse Collar
24:07 Castle Age
24:46 Fletching
25:34 Wheelbarrow
24:45 Loom
25:02 Heavy Plow
25:13 Bow Saw
24:51 Gambesons
25:07 Squires
25:11 Padded Archer Armor
25:42 Gold Mining
25:43 Stone Mining
27:02 Bodkin Arrow
27:23 Leather Archer Armor
29:12 Forging
31:30 Husbandry
31:41 Bloodlines
31:46 Scale Barding Armor
34:03 Hand Cart
37:11 Ballistics
39:39 Imperial Age
40:14 Gold Shaft Mining
40:19 Stone Shaft Mining
41:21 Chemistry
40:38 Bracer
41:09 Ring Archer Armor
40:05 Cranequins
41:45 Heavy Scorpion
SKYEEERINO?!?
11:29 Feudal Age
9:46 Loom
11:58 Double-Bit Axe
13:57 Horse Collar
15:02 Loom
16:16 Town Watch
21:01 Fletching
26:44 Castle Age
25:05 Stone Mining
25:11 Gold Mining
26:37 Wheelbarrow
27:37 Elite Skirmisher
28:29 Scale Barding Armor
28:43 Bow Saw
28:35 Heavy Plow
34:36 Stone Shaft Mining
33:59 Town Watch
35:00 Chain Barding Armor
36:12 Hand Cart
36:56 Padded Archer Armor
40:15 Imperial Age
39:02 Bodkin Arrow
39:10 Scale Mail Armor
40:35 Town Patrol
41:12 Leather Archer Armor
41:23 Conscription
41:47 Ballistics
42:41 Bloodlines
42:32 Husbandry
43:48 Plate Barding Armor
44:42 Chemistry
43:39 Elite Conquistador
Connection lost

Rejoining the realm…

Still unreachable

The connection could not be restored.

Session expired

The server has moved on; the page needs a fresh start.